woodfighter, chaotic female orcish Cavewoman * ** * $ ---------- * $ |........| $ #-........| #|.>...^..| $ #------|--- $ $ ### # * # # $ # # * $ # # $ $ * # # * # # ) -.------# # ####.......|# ### * $ Y@##|..%...|# # $* $ [ ... # #|...<..|# -.------ ( ) `....( |......-# |......| ----- -------- #.$$$$$$| * -------- woodfighter the Cave Teen Experience level: 4 Strength: 18/02 Dexterity: 9 Constitution: 16 Intelligence: 12 Wisdom: 10 Charisma: 8 Health: 0(38) Energy: 14(14) Def: 10 Gold: 825 Moves: 2053 Dungeon seed: 4xFkpAEUu7Msr50l Game ID: woodfighter_1487953252 Your Inventory: Coins $ - 825 gold pieces Weapons b - a +2 sling (alternate weapon; not wielded) t - the blessed rustproof +0 Stormbringer (weapon in hand) Armor y - a blessed greased +0 silver dragon scale mail (being worn) z - a blessed fireproof +0 pair of speed boots (being worn) Comestibles m - an uncursed sprig of wolfsbane Wands k - a wand of teleportation (0:7) l - a wand of make invisible (0:8) Tools o - an uncursed blindfold Gems e - 11 uncursed flints (in quiver) Spells and supernatural/magical abilities: Name Level Category Fail Memory W - pray for help -- divine ? -- Your skills at the end: Miscellaneous Skills bare handed combat [Basic] Weapon Skills scimitar [Basic] club [Basic] sling [Basic] Spellcasting Skills Final Attributes: You were piously aligned. You were poison resistant. You were level-drain resistant. You had infravision. You were very stealthy. You were very fast. You had reflection. You are dead (8th time!). Vanquished creatures: an elf zombie a jitterbug an orc zombie a coyote a hobbit an acid blob 2 geckos a giant rat a yellow mold a jackal a fox a kobold 2 sewer rats 6 grid bugs 2 bats a lichen a kobold zombie 25 creatures vanquished. Voluntary challenges: You did not adorn yourself with jewelry or accessories. You did not cause conflict. You were not invisible. You were not displaced. You used a wielded weapon 23 times, starting on turn 222. You did not use containers. You did not apply a unicorn horn. You did not use plumbed fixtures. You read items or engraved 3 times, starting on turn 2001. You never genocided any monsters. You never polymorphed an object. You never changed form. You used 4 wishes, starting on turn 963. You wished for your your first artifact on turn 963. You never split a pudding. You never wrote Elbereth's name. You never violated your personal moral code. Dungeon overview: The Dungeons of Doom: levels 1 to 11 Level 1 a fountain a long staircase Level 2 a fountain Level 3 Level 4 an altar to Anshar Level 5 Level 6 an altar to Anshar Level 7 Level 8 an altar to Anu Level 9 many fountains Level 10 <- You were here Level 11 History has recorded: On T:1 you entered the Dungeons of Doom to retrieve the Amulet of Yendor! On T:274 you reached level 2 of The Dungeons of Doom. On T:466 you reached level 3 of The Dungeons of Doom. On T:584 you reached level 4 of The Dungeons of Doom. On T:636 you reached level 5 of The Dungeons of Doom. On T:805 you advanced to experience level 2. On T:860 you advanced to experience level 3. On T:891 you reached level 6 of The Dungeons of Doom. On T:963 you wished for "+3 blessed fixed stormbringer". On T:974 you wished for "blessed fixed greased +3 cloak of magic resistance". On T:977 you wished for "blessed greased fixed +3 silver dragon scale mail". On T:982 you wished for "+3 blessed fixed greased speed boots". On T:1048 you were saved from death by your wizard powers! On T:1053 you were saved from death by your wizard powers! On T:1055 you were saved from death by your wizard powers! On T:1079 you reached level 8 of The Dungeons of Doom. On T:1239 you were saved from death by your wizard powers! On T:1253 you were saved from death by your wizard powers! On T:1280 you reached level 9 of The Dungeons of Doom. On T:1468 you reached level 10 of The Dungeons of Doom. On T:1498 you reached level 11 of The Dungeons of Doom. On T:1544 you were saved from death by your wizard powers! On T:1584 you were saved from death by your wizard powers! On T:1957 you advanced to experience level 4. On T:2003 you prayed to Anshar. Score breakdown: Gold: 825 ( 82 points) Experience: 4 levels ( 300 points) Exploration: 11 levels ( 300 points) Discoveries: 11 items ( 550 points) Variety of kills: 17 monsters ( 850 points) Major goal: (nothing yet) ( 0 points) Survival: died (score multiplied by 3) Total score: 6246 Latest messages: You miss the ape. The ape claws you! (2x) The ape just misses! You miss the ape. (2x) The ape misses. (2x) The ape bites! The black blade draws the life from the ape! The ape claws you! (2x) The ape bites! You miss the ape. (2x) The ape claws you! (2x) The ape misses. You miss the ape. The ape misses. The ape claws you! The ape bites! You miss the ape. The ape claws you! (2x) The ape misses. You miss the ape. (2x) The ape claws you! (2x) The ape misses. You miss the ape. The ape misses. The ape claws you! You die... Final status: Goodbye woodfighter the Cavewoman, killed by an ape... You died in The Dungeons of Doom on dungeon level 10 with 6246 points, and 825 pieces of gold, after 2053 moves. You were level 4 with a maximum of 38 hit points when you died.